 Dungeon Crawl Stone Soup version 0.25-a0-505-gae4569222e (webtiles) character file.

Game seed: 6959159322079494256, levelgen mode: deterministic

21834 dandofrance the Blocker (level 12, -13/110 HPs)
             Began as a Minotaur Berserker on Dec 23, 2019.
             Was an Elder of Trog.
             Killed by drain life
             ... invoked by a soul eater
             ... summoned by an orc high priest
              (18 damage)
             ... on level 2 of the Orcish Mines on Feb 14, 2020.
             The game lasted 01:30:32 (15717 turns).

dandofrance the Blocker (Minotaur Berserker)       Turns: 15717, Time: 01:30:33

Health: -13/110    AC: 18    Str: 27    XL:     12   Next: 57%
Magic:  11/11      EV:  9    Int:  4    God:    Trog [****..]
Gold:   1074       SH: 17    Dex: 13    Spells: 11/11 levels left

rFire    . . .     SeeInvis .   x - +2 broad axe (flame)
rCold    . . .     Gourm    .   k - +0 kite shield
rNeg     . . .     Faith    .   y - +0 plate armour
rPois    .         Spirit   .   (helmet restricted)
rElec    .         Reflect  +   (no cloak)
rCorr    .         Harm     .   Q - +1 pair of gloves
MR       +....                  (no boots)
Stlth    ..........             z - +3 amulet of reflection
HPRegen  0.28/turn              h - +3 ring of dexterity
MPRegen  0.12/turn              j - ring of protection from magic

@: no status effects
A: retaliatory headbutt, horns 2
a: Berserk, Trog's Hand, Brothers in Arms, Renounce Religion


You were on level 2 of the Orcish Mines.
You worshipped Trog.
Trog was greatly pleased with you.
You were hungry.

You visited 2 branches of the dungeon, and saw 15 of its levels.

You collected 1524 gold pieces.
You spent 450 gold pieces at shops.

Inventory:

Hand Weapons
 e - a +0 vorpal hand axe
 x - a +2 broad axe of flaming (weapon)
 K - a +1 war axe of flaming
 O - the +0 executioner's axe of Trog's Displeasure {flame, *Rage rElec rC+++ Str-5, unknown}
   (Trog gifted it to you on level 8 of the Dungeon)

   It has been specially enchanted to burn those struck by it, causing extra
   injury to most foes and up to half again as much damage against particularly
   susceptible opponents.
   Big, fiery blades are also staple armaments of hydra-hunters.
   It affects your strength (-5).
   It renders you almost immune to cold.
   It insulates you from electricity.
   It may make you go berserk in combat.
 T - a +2 vorpal trident
Armour
 k - a +0 kite shield (worn)
 y - a +0 plate armour (worn)
 C - a +0 tower shield
 E - the +0 ring mail of Chill Winds {rF++ Int+7 Dex+4}
   (You found it on level 5 of the Dungeon)

   It affects your intelligence (+7).
   It affects your dexterity (+4).
   It greatly protects you from fire.
   If you switch to wearing this armour, your AC will decrease by 8 (18 -> 10).
 Q - a +1 pair of gloves (worn)
Jewellery
 h - a +3 ring of dexterity (left hand)
 j - a ring of protection from magic (right hand)
 z - a +3 amulet of reflection (around neck)
 G - an uncursed ring of see invisible
 M - an uncursed ring of fire
 S - an uncursed ring of flight
Wands
 b - a wand of disintegration (19)
 q - a wand of enslavement (9)
 r - a wand of acid (13)
 u - a wand of clouds (4)
 v - a wand of random effects (26)
 H - a wand of polymorph (8)
 I - a wand of paralysis (11)
 R - a wand of iceblast (5)
Scrolls
 d - 2 scrolls of enchant armour
 g - 9 scrolls of remove curse
 l - a scroll of fear
 n - 2 scrolls of noise {unknown}
 o - 4 scrolls of magic mapping {unknown}
 p - 2 scrolls of fog
 s - 3 scrolls of enchant weapon
 B - 2 scrolls of immolation {unknown}
 F - a scroll of torment {unknown}
 P - a scroll of silence {unknown}
Potions
 a - 2 potions of might {unknown}
 f - a potion of flight {unknown}
 i - 3 potions of lignification
 m - 3 potions of cancellation
 w - 3 potions of brilliance
 A - a potion of berserk rage {unknown}
 D - 2 potions of mutation
 L - 2 potions of agility {unknown}
 N - a potion of ambrosia {unknown}
 U - a potion of haste {unknown}
Comestibles
 c - 12 rations
 t - 5 chunks of flesh


   Skills:
 - Level 11.5 Fighting
 + Level 12.6 Axes
 * Level 12.6 Armour
 - Level 3.5 Dodging
 - Level 0.6 Stealth
 - Level 13.5 Shields


You had 11 spell levels left.
You didn't know any spells.
Your spell library was empty.

Dungeon Overview and Level Annotations

Branches:
Dungeon (13/15)            Temple (0/1) D:5            Lair (0/6) D:11
    Orc (2/2) D:9             Elf (0/3) Orc:2
 Vaults: D:13-14

Altars:
Elyvilon
Kikubaaqudgha
Qazlal
Sif Muna
Beogh

Shops:
D:4 (!:(   D:5 !(   D:9 ?

Portals:
Abyss: D:10

Annotations:
D:10 2 transporters, Medd's ghost, journeyman OpVM
Orc:2 1 runed translucent door, hittemvvvvvvhard's ghost, journeyman DDEE


Innate Abilities, Weirdness & Mutations

You reflexively headbutt those who attack you in melee.
You have a pair of horns on your head.


Message History

Items here: )) [[ a +0 dire flail; a cursed +0 chain mail; a +0 glaive; a +0 leather armour You see here a +0 club.
The orc high priest calls down the wrath of Beogh upon you.
Beogh smites you!
* * * LOW HITPOINT WARNING * * *
As you read the scroll of fog, it crumbles to dust.
The scroll dissolves into smoke.
You block the rust devil's attack.
You see here a +0 chain mail.
Things that are here:
a +0 dagger; a +0 club The orc high priest no longer looks unusually strong.
The orc high priest utters an invocation to Beogh.
Unknown command.
You are no longer corroded.
The soul eater draws from the surrounding life force!
* * * LOW HITPOINT WARNING * * *
The orc high priest prays to Beogh.
The soul eater draws from the surrounding life force!
You die...

##...###...#...#.................
#.....#...#......................
##.........#.....................
####.#...#.....<................
######.......................
##...........#..........
#.....#.................
###...........##..........
##........@................
#.......##.................
####......#.#.##.............
##.##...#.......#.............
#......>........#..#.#........
##.##..........#...##.........
##.#####..#4#.#....#.###.........
#...#.#.....3..#..###.#..........
#......#.4.o#...### #............


You could see a soul eater and a rust devil.

Vanquished Creatures
  4 two-headed ogres
  3 orc high priests (Orc:2)
  An unseen horror (D:10)
  An orc knight (Orc:2)
  2 ugly things
  2 orc sorcerers
  2 manticores (D:11)
  A cyclops (D:12)
  Joseph (D:8)
  A centaur zombie (D:10)
  A gargoyle (D:12)
  A kobold demonologist (D:12)
  3 trolls
  A hornet (D:9)
  A hippogriff (D:6)
  Sigmund (D:6)
  3 wyverns
  Eustachio (D:6)
  A basilisk (D:12)
  A hungry ghost (D:9)
  A warg (Orc:2)
  A water moccasin (D:12)
  12 orc warriors
  An eye of draining (D:11)
  3 sky beasts
  3 ice beasts
  A phantom (D:6)
  A black bear (D:8)
  7 ogres
  A crocodile (D:11)
  3 centaurs
  3 big kobolds
  7 bullfrogs
  A water moccasin zombie (D:6)
  6 scorpions
  9 killer bees
  4 crimson imps
  A bullfrog zombie (D:5)
  17 orc priests
  23 orc wizards
  7 jellies
  5 centaur skeletons
  7 hounds
  A bullfrog skeleton (D:11)
  4 iguanas
  Ijyb (D:3)
  Natasha (D:3)
  15 worker ants
  Terence (D:2)
  6 gnolls
  4 adders
  2 howler monkey skeletons
  A shadow imp (D:7)
  6 oozes
  An adder skeleton (D:4)
  2 dart slugs
  12 leopard geckos
  78 orcs
  8 bats
  9 giant cockroaches
  3 goblins (D:3)
  5 hobgoblins
  18 jackals
  3 quokkas
  5 frilled lizards
  A jackal skeleton (D:9)
  18 kobolds
  A quokka skeleton (D:10)
  7 rats
369 creatures vanquished.

Vanquished Creatures (collateral kills)
  Donald (Orc:2)
  A hydra (D:11)
  A two-headed ogre (D:8)
  Urug (D:12)
  An orc sorcerer (Orc:2)
  2 trolls (D:12)
  2 orc warriors (Orc:2)
  A bullfrog (D:11)
  An orc wizard (Orc:2)
  An iguana (D:12)
12 creatures vanquished.

Vanquished Creatures (others)
  A vampire (D:12)
  3 centaurs
  An orc (D:9)
  2 withered plants (Orc:2)
7 creatures vanquished.

Grand Total: 388 creatures vanquished

Notes
Turn   | Place    | Note
-------+----------+-------------------------------------------
     0 | D:1      | dandofrance the Minotaur Berserker began the quest for the
                  | Orb.
     0 | D:1      | Reached XP level 1. HP: 19/19 MP: 0/0
   114 | D:1      | Reached XP level 2. HP: 16/27 MP: 1/1
   824 | D:2      | Reached ** piety under Trog
   826 | D:2      | Reached XP level 3. HP: 31/33 MP: 2/2
  1376 | D:3      | Noticed Terence
  1393 | D:2      | Killed Terence
  1428 | D:3      | Reached XP level 4. HP: 40/41 MP: 3/3
  1485 | D:3      | Found a glowing drain.
  1491 | D:3      | Reached skill level 5 in Axes
  1569 | D:3      | Noticed Natasha
  1583 | D:3      | Killed Natasha
  1583 | D:3      | Reached XP level 5. HP: 19/47 MP: 4/4
  1921 | D:3      | Noticed Ijyb
  1934 | D:3      | Killed Ijyb
  1985 | D:3      | Reached *** piety under Trog
  2450 | D:4      | Found a shimmering blue altar of Sif Muna.
  2467 | D:4      | Found Gugumiud's Antique Weapon Boutique.
  2480 | D:4      | Reached XP level 6. HP: 55/55 MP: 5/5
  2485 | D:4      | Reached skill level 5 in Fighting
  2503 | D:4      | Found a stormy altar of Qazlal.
  2512 | D:4      | Bought a glowing battleaxe for 199 gold pieces
  2597 | D:4      | Reached skill level 5 in Armour
  2602 | D:4      | Upgraded the game from 0.25-a0-310-g60f0ac2d9a to
                  | 0.25-a0-426-g7d9e569eea
  2603 | D:4      | Found Ziosik's Distillery.
  2632 | D:4      | Found Ocsadeko's Book Shoppe.
  2641 | D:4      | Found Rynu's Weapon Boutique.
  2848 | D:4      | Reached XP level 7. HP: 61/61 MP: 6/6
  3276 | D:4      | Found a white marble altar of Elyvilon.
  3277 | D:4      | Found an ancient bone altar of Kikubaaqudgha.
  3549 | D:5      | Entered Level 5 of the Dungeon
  3554 | D:5      | Reached skill level 1 in Shields
  3573 | D:5      | Got a bloodstained ring mail
  3584 | D:5      | Identified the cursed +0 ring mail of Chill Winds {rF++
                  | Int+7 Dex+4} (You found it on level 5 of the Dungeon)
  3590 | D:5      | Noticed a troll
  3599 | D:5      | Killed a troll
  3599 | D:5      | Reached skill level 2 in Shields
  3856 | D:5      | Found Pyh Utea's Distillery.
  3861 | D:5      | Bought a potion of heal wounds for 70 gold pieces
  4019 | D:5      | Reached XP level 8. HP: 68/70 MP: 7/7
  4036 | D:5      | Found Vosues's Antique Weapon Shoppe.
  4084 | D:5      | Reached **** piety under Trog
  4259 | D:5      | Found a staircase to the Ecumenical Temple.
  4327 | D:5      | Reached skill level 3 in Shields
  4474 | D:6      | Noticed Eustachio
  4620 | D:6      | Reached skill level 4 in Shields
  4640 | D:6      | Killed Eustachio
  4640 | D:6      | Reached skill level 5 in Shields
  4896 | D:6      | Reached skill level 6 in Shields
  5053 | D:6      | Noticed Sigmund
  5062 | D:6      | Killed Sigmund
  5062 | D:6      | Reached skill level 7 in Shields
  5484 | D:5      | Bought a war axe for 84 gold pieces
  5526 | D:7      | Noticed a hippogriff
  5540 | D:6      | Killed a hippogriff
  5540 | D:6      | Reached XP level 9. HP: 31/79 MP: 8/8
  5542 | D:6      | Reached skill level 8 in Shields
  6937 | D:6      | Upgraded the game from 0.25-a0-426-g7d9e569eea to
                  | 0.25-a0-458-g6fc7858b95
  6937 | D:6      | Upgraded the game from 0.25-a0-458-g6fc7858b95 to
                  | 0.25-a0-503-ge281fa673e
  6949 | D:7      | Reached skill level 9 in Shields
  7006 | D:7      | Reached skill level 10 in Axes
  7871 | D:8      | Noticed Joseph
  7878 | D:8      | Reached skill level 10 in Shields
  7880 | D:8      | Reached ***** piety under Trog
  7880 | D:8      | Received a gift from Trog
  7885 | D:8      | Killed Joseph
  7885 | D:8      | Reached XP level 10. HP: 76/86 MP: 9/9
  7895 | D:8      | Got a brightly glowing executioner's axe {god gift}
  8088 | D:8      | Noticed a two-headed ogre
  8100 | D:8      | Killed a two-headed ogre
  8389 | D:9      | Reached skill level 11 in Shields
  9184 | D:9      | Found Ulatok's Magic Scroll Boutique.
  9214 | D:9      | Bought a scroll of enchant weapon for 97 gold pieces
  9220 | D:9      | Found a staircase to the Orcish Mines.
  9230 | D:9      | Found a roughly hewn altar of Beogh.
  9606 | D:9      | Received a gift from Trog
  9924 | D:10     | Entered Level 10 of the Dungeon
 10011 | D:10     | Noticed a two-headed ogre
 10015 | D:10     | Killed a two-headed ogre
 10015 | D:10     | Reached skill level 12 in Shields
 10303 | D:10     | Found a transporter.
 10336 | D:10     | Found a transporter.
 10342 | D:10     | Found a one-way gate to the infinite horrors of the Abyss.
 10348 | D:10     | Noticed Medd's ghost (journeyman OpVM)
 10348 | D:10     | Noticed a hell hog
 10503 | D:10     | Noticed a two-headed ogre
 10519 | D:10     | Killed a two-headed ogre
 10519 | D:10     | Reached skill level 10 in Fighting
 10519 | D:10     | Reached XP level 11. HP: 69/99 MP: 10/10
 10523 | D:10     | Killed an unseen horror
 10737 | D:10     | Noticed a two-headed ogre
 10743 | D:10     | Killed a two-headed ogre
 11296 | D:11     | Noticed a red ugly thing
 11310 | D:11     | Killed a red ugly thing
 11310 | D:11     | Reached skill level 13 in Shields
 11400 | D:11     | Received a gift from Trog
 11945 | D:11     | Found a staircase to the Lair.
 12090 | D:11     | Noticed a six-headed hydra
 12093 | D:11     | Upgraded the game from 0.25-a0-503-ge281fa673e to
                  | 0.25-a0-505-gae4569222e
 12097 | D:11     | Killed a six-headed hydra
 12292 | D:12     | Noticed a two-headed ogre
 12303 | D:12     | Reached skill level 10 in Armour
 12311 | D:12     | Killed a two-headed ogre
 12724 | D:12     | Noticed Urug
 12730 | D:12     | Killed Urug
 12735 | D:12     | Reached XP level 12. HP: 104/110 MP: 11/11
 13193 | Orc:1    | Entered Level 1 of the Orcish Mines
 13242 | Orc:1    | HP: 2/110 [sixfirhy[an orc sorcerer] (9)]
 13741 | Orc:2    | Entered Level 2 of the Orcish Mines
 13798 | Orc:2    | Noticed Donald
 13815 | Orc:2    | Killed Donald
 13846 | Orc:2    | Noticed an orc high priest
 13860 | Orc:2    | Killed an orc high priest
 14206 | Orc:2    | Found a staircase to the Elven Halls.
 14727 | Orc:2    | Noticed an orc high priest
 14728 | Orc:2    | Received a gift from Trog
 14746 | Orc:2    | Killed an orc high priest
 14785 | Orc:2    | Noticed an orc high priest
 14793 | Orc:2    | Killed an orc high priest
 15079 | Orc:2    | Found a runed translucent door.
 15079 | Orc:2    | Noticed hittemvvvvvvhard's ghost (journeyman DDEE)
 15162 | Orc:2    | Noticed an orc high priest
 15716 | Orc:2    | HP: 5/110 [soul eater/drain life[an orc high priest] (10)]
 15717 | Orc:2    | Killed from afar by a soul eater

Levels and vault maps discovered:
D:1:      dpeg_arrival_yet_another_circle, layout_basic
D:2:      layout_loops_ring
D:3:      layout_loops_ring, gup_sewer_entry_pipe, uniq_terence, uniq_natasha,
          uniq_ijyb
D:4:      layout_loops_ring, kennysheep_mini,
          gammafunk_temple_overflow_forgotten, serial_shops, shop, shop_coins,
          nicolae_shop_crystal, nicolae_shop_waterfront, first_ration,
          kennysheep_minor_cross, corner_web_ring
D:5:      layout_loops_ring, minmay_temple_entry_drinking_statues, serial_shops,
          shop_fountains, kennysheep_small_square
D:6:      layout_basic, uniq_eustachio, uniq_sigmund
D:7:      layout_cave_pools
D:8:      layout_cave_pools, uniq_joseph
D:9:      layout_roguey, minmay_orc_entry_temple_small, serial_shops,
          shop_scrolls, hangedman_little_slice_of_home
D:10:     layout_irregular_city, gammafunk_ghost_abyssal_escape
D:11:     layout_layer_cave, lair_entry_dummy
D:12:     layout_rooms, uniq_urug
D:13:     layout_long_grid, trog_wizard
Orc:1:    layout_caves
Orc:2:    grunt_orc_tribal_feast, layout_caves, gammafunk_ghost_grave,
          uniq_donald

Skill      XL: |  1  2  3  4  5  6  7  8  9 10 11 12 |
---------------+-------------------------------------+-----
Axes           | 4 5 6 8 10 12 | 12.6
Fighting       | 4 5 7 10 11 | 11.5
Armour         | 3 4 5 6 8 10 12 | 12.6
Dodging        | 3 |  3.5
Shields        | 2 7 10 12 13 | 13.5
Stealth        | |  0.6

Action                   |  1- 3 |  4- 6 |  7- 9 | 10-12 || total
-------------------------+-------+-------+-------+-------++-------
Melee: Hand axe          |    56 |   123 |   160 |       ||   339
       Headbutt          |    12 |    19 |    66 |   113 ||   210
       Battleaxe         |       |    28 |    15 |       ||    43
       War axe           |       |       |   128 |   475 ||   603
       Broad axe         |       |       |       |    29 ||    29
Invok: Berserk           |       |     2 |     4 |     3 ||     9
       Trog's Hand       |       |     1 |     2 |     1 ||     4
       Brothers in Arms  |       |       |       |     7 ||     7
  Use: Scroll            |       |       |     7 |    17 ||    24
       Potion            |       |       |     2 |     4 ||     6
  Eat: Chunk             |     1 |     6 |     5 |    14 ||    26
       Ration            |       |     1 |     4 |     5 ||    10
Armor: Animal skin       |     6 |       |       |       ||     6
       Ring mail         |    15 |    50 |    60 |    16 ||   141
       Chain mail        |       |       |     5 |       ||     5
       Plate armour      |       |       |       |    82 ||    82
Dodge: Dodged            |    34 |    89 |    84 |    75 ||   282
Block: Tower shield      |       |       |   324 |   441 ||   765
       Reflection        |       |       |     8 |    32 ||    40
       Kite shield       |       |       |       |    99 ||    99

Table legend:
 A = Non-vault XP
 B = Vault XP
 C = Vault XP percentage of total XP
 D = Non-vault monster count
 E = Vault monster count
 F = Vault count percentage of total count
                 A         B        C        D         E       F
            +---------+---------+-------+---------+---------+-------
      Total |   24519 |    6673 |  21.4 |     327 |      59 |  15.3
            +---------+---------+-------+---------+---------+-------
        D:1 |      31 |       0 |   0.0 |      19 |       0 |   0.0
        D:2 |      18 |      32 |  64.0 |       9 |       1 |  10.0
        D:3 |     166 |      90 |  35.2 |      44 |      10 |  18.5
        D:4 |     551 |       0 |   0.0 |      28 |       0 |   0.0
        D:5 |     796 |      32 |   3.9 |      14 |       1 |   6.7
        D:6 |     967 |     429 |  30.7 |      20 |       2 |   9.1
        D:7 |    1381 |       0 |   0.0 |      26 |       0 |   0.0
        D:8 |    1392 |     434 |  23.8 |      16 |       1 |   5.9
        D:9 |    1780 |     575 |  24.4 |      35 |      19 |  35.2
       D:10 |    5112 |       0 |   0.0 |      36 |       0 |   0.0
       D:11 |    5270 |       0 |   0.0 |      32 |       0 |   0.0
       D:12 |    4267 |     447 |   9.5 |      21 |       1 |   4.5
      Orc:1 |     687 |      41 |   5.6 |       2 |       1 |  33.3
      Orc:2 |    2101 |    4593 |  68.6 |      25 |      23 |  47.9
            +---------+---------+-------+---------+---------+-------
